 Dungeon Crawl Stone Soup version 0.29-a0-40-g8eb35efe60 (webtiles) character file.

Game seed: 11135314230228056067

2154 siradein the Ruffian (level 9, -4/85 HPs)
             Began as a Troll Transmuter on Feb 2, 2022.
             Slain by an unseen horror (9 damage)
             ... on level 7 of the Dungeon.
             The game lasted 00:18:56 (4489 turns).

siradein the Ruffian (Troll Transmuter)             Turns: 4489, Time: 00:18:57

Health: -4/85      AC:  7    Str: 20    XL:     9   Next: 10%
Magic:  11/13      EV: 10    Int: 13    God:
Gold:   189        SH:  0    Dex: 10    Spells: 5/15 levels left

rFire   . . .      SeeInvis .     - Unarmed
rCold   . . .      Faith    .   (no shield)
rNeg    . . .      Spirit   .   p - +0 troll leather armour {Pargi}
rPois   .          Reflect  .   (helmet currently unavailable)
rElec   .          Harm     .   m - +0 cloak
rCorr   .          Rampage  .   (gloves unavailable)
Will    .....                   (boots unavailable)
Stlth   +.........              (no amulet)
HPRegen 1.84/turn               (no ring)
MPRegen 0.13/turn               (no ring)

@: appendages, wereblooded (expiring)
A: horns 2, talons 2, large, unfitting armour, claws 3, regeneration 1, shaggy
fur 1, tough skin 1
a: End Transformation


You were on level 7 of the Dungeon.
You had temporarily grown beastly horns and talons.
You visited 1 branch of the dungeon, and saw 8 of its levels.
You also visited: Sewer.

You collected 189 gold pieces.

Inventory:

Missiles
 h - 16 poisoned darts
 r - 4 throwing nets
Armour
 m - a +0 cloak (worn)
 p - a +0 troll leather armour (worn) {Pargi}
Scrolls
 a - a scroll of fog
 d - 2 scrolls of teleportation
 e - 2 scrolls of blinking {unknown}
 f - a scroll of immolation
 k - 2 scrolls of vulnerability {unknown}
 o - 2 scrolls of fear {unknown}
Potions
 c - a potion of brilliance
 g - a potion of invisibility
 i - a potion of magic {unknown}
 j - 2 potions of heal wounds {unknown}
 l - a potion of attraction {unknown}
 n - a potion of haste {unknown}
 q - a potion of degeneration {unknown}


   Skills:
 + Level 4.3 Fighting
 + Level 4.7 Dodging
 + Level 6.1 Unarmed Combat
 + Level 3.5 Spellcasting
 + Level 4.3 Transmutations


You had 5 spell levels left.
You knew the following spells:

 Your Spells              Type           Power      Damage    Failure   Level
a - Beastly Appendage     Tmut           26%        N/A       4%          1
b - Wereblood             Tmut           13%        N/A       7%          2
c - Spider Form           Tmut/Pois      7%         N/A       32%         3
d - Ice Form              Ice/Tmut       7%         N/A       71%         4

Your spell library contained the following spells:

 Spells                   Type           Power      Damage    Failure   Level
 Blink                    Tloc           4%         N/A       36%         2
 Lesser Beckoning         Tloc           2%         N/A       61%         3
 Iskenderun's Battlesphe  Conj           2%         2d6       100%        5
 Manifold Assault         Tloc           2%         N/A       100%        5
 Iron Shot                Conj/Erth      1%         9d1       100%        6
 Spellforged Servitor     Conj/Summ      1%         N/A       100%        7


Dungeon Overview and Level Annotations

Branches:
Dungeon (8/15)              Sewer (visited)
 Temple: D:4-7         Lair: D:8-11

Altars:
Fedhas
Trog
Zin

Shops:
D:2 *

Annotations:
D:2 1 runed translucent door, Crazy Yiuf
D:5 3 runed translucent doors, CowFu's ghost, amateur VSIE; hashsling's ghost, novice DEWz


Innate Abilities, Weirdness & Mutations

You have temporarily grown beastly horns and talons.
You are too large for most types of armour.
You have claws for hands.
Your natural rate of healing is unusually fast.
You are covered in fur. (AC +1)
You have tough skin. (AC +1)


Message History

The yak is lightly wounded.
You howl as the wereblood boils in your veins!
Your horns disappear.
Your talons disappear.
The yak misses you. Something hits you but does no damage.
You claw the yak!
The yak is lightly wounded.
Something hits you. The yak gores you.
You scratch the yak.
The yak is moderately wounded.
Something hits you. The yak gores you!
Casting: Wereblood (safe; 7% risk of failure)
Confirm with . or Enter, or press ? or * to list all spells.
You grow a pair of large bovine horns.
Your feet morph into talons.
Something hits you. The yak gores you.
You claw the yak!
The yak is heavily wounded.
Something hits you but does no damage. The yak gores you.
* * * LOW HITPOINT WARNING * * *
You barely miss the yak. Your headbutt misses the yak.
The yak is heavily wounded.
Something hits you.
* * * LOW HITPOINT WARNING * * *
Something hits you but does no damage. The yak barely misses you.
You claw the yak! x2; You headbutt the yak, but do no damage.
The yak is almost dead.
Something hits you.
* * * LOW HITPOINT WARNING * * *
Something hits you but does no damage. The yak gores you!
* * * LOW HITPOINT WARNING * * *
You claw the yak!
You feel a bit better.
You kill the yak!
Your primal bloodlust is almost over.
Something hits you.
* * * LOW HITPOINT WARNING * * *
Something hits you.
* * * LOW HITPOINT WARNING * * *
The white imp gestures at you. The puff of frost misses you.
Something hits you!
You die...

#......##..Y........
.......>)...........
.........###........
##.......##.........
#........5........#
......##.#†###......
..>..# ###...##.....
....# #...........
.... #@.#...##...
#.....#....####
.........#...##
........## ###
#........ ##.......
#.##.#.# ## #.###


You could see a white imp.

Vanquished Creatures
  Pikel (D:4)
  A wyvern (D:4)
  A wraith (D:5)
  A yak (D:7)
  2 water moccasins
  Pargi (Sewer)
  A centaur (D:7)
  A gnoll sergeant (D:5)
  2 scorpions
  A howler monkey (D:5)
  3 orc priests
  A centaur skeleton (D:5)
  A bullfrog skeleton (D:4)
  5 hounds
  Jessica (D:3)
  An iguana (D:5)
  2 orc wizards (D:5)
  A hound skeleton (D:4)
  5 gnolls (D:5)
  7 adders
  2 worms
  A dart slug (D:1)
  16 orcs
  12 endoplasms
  4 giant cockroaches
  3 goblins
  10 hobgoblins
  17 jackals
  5 quokkas
  14 ball pythons
  4 bats
  2 frilled lizards
  8 kobolds
  5 rats
142 creatures vanquished.

Vanquished Creatures (others)
  5 withered plants (D:5)
5 creatures vanquished.

Grand Total: 147 creatures vanquished

Notes
Turn   | Place    | Note
-------+----------+-------------------------------------------
     0 | D:1      | siradein the Troll Transmuter began the quest for the Orb.
     0 | D:1      | Reached XP level 1. HP: 18/18 MP: 1/1
   240 | D:1      | Reached skill level 1 in Fighting
   243 | D:1      | Found a faded altar of an unknown god.
   247 | D:1      | Reached XP level 2. HP: 27/27 MP: 3/3
   513 | D:1      | Reached XP level 3. HP: 33/33 MP: 4/4
   941 | D:2      | Found Xicadeo's Assorted Antiques.
  1460 | D:2      | Reached XP level 4. HP: 32/41 MP: 5/5
  1510 | D:2      | Found a runed translucent door.
  1511 | D:2      | Noticed Crazy Yiuf
  1691 | D:3      | Learned a level 2 spell: Wereblood
  1695 | D:3      | Learned a level 3 spell: Spider Form
  1803 | D:3      | Found a glowing drain.
  1837 | D:3      | Noticed Jessica
  1842 | Sewer    | Entered a sewer
  1900 | Sewer    | Noticed Pargi
  1906 | Sewer    | Killed Pargi
  1907 | Sewer    | Reached XP level 5. HP: 49/49 MP: 4/6
  1980 | D:3      | Killed Jessica
  2262 | D:3      | Reached skill level 4 in Unarmed Combat
  2577 | D:4      | Reached XP level 6. HP: 57/57 MP: 6/8
  2704 | D:4      | Noticed a wyvern
  2714 | D:4      | Killed a wyvern
  2800 | D:4      | Found a blossoming altar of Fedhas.
  2867 | D:4      | Reached XP level 7. HP: 57/66 MP: 7/9
  3549 | D:4      | Found a bloodstained altar of Trog.
  3555 | D:4      | Learned a level 4 spell: Ice Form
  3586 | D:5      | Entered Level 5 of the Dungeon
  3673 | D:5      | Reached skill level 5 in Unarmed Combat
  3718 | D:5      | Found a runed translucent gate.
  3718 | D:5      | Found a runed translucent gate.
  3726 | D:5      | Noticed Pikel
  3731 | D:5      | Found a runed translucent gate.
  3768 | D:4      | Reached XP level 8. HP: 61/75 MP: 7/11
  3905 | D:4      | Killed Pikel
  4198 | D:5      | Found a glowing silver altar of Zin.
  4273 | D:5      | Noticed CowFu's ghost (amateur VSIE)
  4273 | D:5      | Noticed hashsling's ghost (novice DEWz)
  4404 | D:6      | You fall into a shaft and drop 2 floors!
  4404 | D:8      | Noticed a kobold demonologist
  4470 | D:7      | Reached skill level 6 in Unarmed Combat
  4479 | D:7      | Reached XP level 9. HP: 55/84 MP: 11/13
  4488 | D:7      | HP: 3/85 [something (6)]
  4489 | D:7      | Slain by an unseen horror

Illustrated notes

Levels and vault maps discovered:
D:1:      minmay_arrival_widening_spiral_narrow, layout_basic,
          nicolae_ecumenical_snake_handling, minmay_pentomino_r4
D:2:      layout_basic, serial_shops, nicolae_shop_waterfront,
          uniq_crazy_yiuf_cottage
D:3:      layout_loops_ring, gup_sewer_entry_glass, uniq_jessica
D:4:      layout_loops_ring, kennysheep_mini_moat, fedhas_altar_4,
          serial_forest, infiniplex_forest_zigzag_2,
          infiniplex_forest_straight_2, infiniplex_forest_straight_4,
          infiniplex_forest_lined_2, infiniplex_forest_zigzag_1,
          wad_floor_pattern_1
D:5:      layout_cave_pools, lemuel_crystal_altar, gammafunk_ghost_cemetery,
          uniq_pikel
D:6:      layout_rooms, grunt_dithmenos_shadows,
          minmay_temple_entry_proselytizer
D:7:      layout_cave_pools, serial_shops, nicolae_square_shop, uniq_joseph,
          uniq_harold
D:8:      layout_cave_pools, grunt_ogre_cave, nrook_loot_triangle, uniq_grum

Skill      XL: |  1  2  3  4  5  6  7  8 |
---------------+-------------------------+-----
Fighting       | 1 2 3 4 |  4.3
Dodging        | 2 3 4 |  4.7
Transmutations | 2 3 4 |  4.3
Spellcasting   | 2 3 |  3.5
Unarmed Combat | 4 5 6 |  6.1

Action                   |  1- 3 |  4- 6 |  7- 9 || total
-------------------------+-------+-------+-------++-------
Melee: Unarmed           |   161 |   123 |   169 ||   453
       Punch             |       |     4 |     2 ||     6
       Headbutt          |       |     2 |    15 ||    17
       Kick              |       |     5 |    25 ||    30
 Cast: Beastly Appendage |       |     4 |    13 ||    17
       Wereblood         |       |     1 |     5 ||     6
  Use: Scroll            |       |     1 |     4 ||     5
 Stab: Sleeping          |       |       |     1 ||     1
Armor: Robe              |    57 |    14 |       ||    71
       Troll leather arm |       |    30 |    85 ||   115
Dodge: Dodged            |    88 |    79 |   119 ||   286

Table legend: (Time is in decaauts)
 A = Elapsed time spent in this place.
 B = Non-inter-level travel time spent in this place.
 C = Inter-level travel time spent in this place.
 D = Time resting spent in this place.
 E = Time spent auto-exploring this place.
 F = Levels seen in this place.
 G = Mean time per level.
                   A        B        C        D        E       F      G
               +--------+--------+--------+--------+--------+-----+--------+
         Total |   4479 |   4368 |    111 |    158 |   3039 |   9 |  497.7 |
       Dungeon |   4344 |   4233 |    111 |    158 |   2953 |   8 |  543.0 |
         Sewer |    135 |    135 |      0 |      0 |     86 |   1 |  135.0 |
               +--------+--------+--------+--------+--------+-----+--------+

Top non-repeatable levels by time:
     D:4: 1241 daAuts
     D:1: 902 daAuts
     D:2: 774 daAuts
     D:3: 734 daAuts
     D:5: 607 daAuts
   Sewer: 135 daAuts
     D:8: 55 daAuts
     D:7: 27 daAuts
